[Event "Titled Tuesday Blitz April 05 Late 2022"]
[White "Jumabayev, Rinat"]
[Black "Chen, Justin"]
[WhiteFideId "13702661"]
[BlackFideId "2098199"]
[WhiteElo "2561"]
[BlackElo "2502"]
[Result "1-0"]
[Round "01"]
[TimeControl "180+1"]
[Date "2022.04.05"]
[WhiteClock "0:00:07"]
[BlackClock "0:00:02"]

1. d4 Nf6 2. Bf4 d5 3. e3 c5 4. c3 Nc6 5. Nd2 Bf5 6. Qb3 Qc8 7. Ngf3 e6 8. Be2 Be7 9. Nh4 Be4 10. dxc5 Bxc5 11. Nxe4 Nxe4 12. Nf3 O-O 13. O-O Bd6 14. Bxd6 Nxd6 15. Rfd1 Rd8 16. Rac1 Qc7 17. Nd4 Rac8 18. Qc2 Ne5 19. Qb1 Nec4 20. b3 Nb6 21. Bf3 Qe7 22. g3 Rc5 23. Rc2 Rdc8 24. Rdc1 Nb5 25. Qb2 Nxd4 26. exd4 R5c7 27. a4 Nd7 28. a5 Nb8 29. c4 dxc4 30. bxc4 h6 31. d5 exd5 32. Bxd5 Nc6 33. Re2 Qb4 34. Ra1 Qxb2 35. Rxb2 Kf8 36. Kg2 g6 37. h4 h5 38. Rb5 a6 39. Rb6 Kg7 40. Kh3 Rd8 41. Ra2 Rdc8 42. f3 Ne5 43. Bxb7 Rb8 44. Bxa6 Ra8 45. Bb7 Ra7 46. a6 Nxc4 47. Rb4 Nd6 48. Rab2 Re7 49. Kg2 Nf5 50. Kf2 Nd6 51. Rb6 Nf5 52. R6b4 Nd6 53. R2b3 Rc7 54. g4 hxg4 55. fxg4 Rc2+ 56. Kg3 Rc7 57. Rb6 Ne4+ 58. Bxe4 Rc4 59. Bb7 1-0


[Site "https://www.chess.com"]

[Event "Titled Tuesday Blitz April 05 Late 2022"]
[White "Kamsky, Gata"]
[Black "Sanchez Alvares, Kelvin Antonio"]
[WhiteFideId "2000024"]
[BlackFideId "3906680"]
[WhiteElo "2645"]
[BlackElo "2193"]
[Result "1-0"]
[Round "01"]
[TimeControl "180+1"]
[Date "2022.04.05"]
[WhiteClock "0:00:56"]
[BlackClock "0:00:05"]

1. e4 c5 2. Nf3 d6 3. d4 cxd4 4. Qxd4 Nc6 5. Bb5 Qa5+ 6. Nc3 Qxb5 7. Nxb5 Nxd4 8. Nfxd4 Kd8 9. c4 a6 10. Nc3 Nf6 11. f3 Bd7 12. a4 Rc8 13. b3 e6 14. Bd2 Kc7 15. O-O Kb8 16. Rfd1 Be7 17. a5 Rhd8 18. Be1 Be8 19. Nde2 Bc6 20. Bg3 Nh5 21. Bf2 Nf6 22. Bb6 Rd7 23. Nd4 Bd8 24. Bxd8 Rdxd8 25. Nce2 Be8 26. Rd2 Rc5 27. Nc1 Kc8 28. Nd3 Rc7 29. Rad1 Kd7 30. Kf2 Ke7 31. g4 Rcc8 32. h4 Nd7 33. g5 Nc5 34. Ke3 g6 35. f4 Nxd3 36. Rxd3 d5 37. cxd5 exd5 38. e5 Bd7 39. Kd2 Bg4 40. Rc1 Rxc1 41. Kxc1 Rc8+ 42. Kd2 Be6 43. Rc3 Kd7 44. Rxc8 Kxc8 45. Kc3 Kc7 46. Kb4 Bd7 47. Kc5 Be6 48. b4 Kb8 49. Kd6 Bg4 50. Kxd5 Kc7 51. Kc5 Kd7 52. Kb6 Kc8 53. b5 axb5 54. Nxb5 Bf3 55. Nd6+ Kd7 56. Nxf7 Ke6 57. Nd8+ Kf5 58. e6 1-0


[Site "https://www.chess.com"]

[Event "Titled Tuesday Blitz April 05 Late 2022"]
[White "Karas, Marek"]
[Black "Ashiev, Eduard"]
[WhiteFideId "14928558"]
[BlackFideId "4130090"]
[WhiteElo "2271"]
[BlackElo "2004"]
[Result "1-0"]
[Round "01"]
[TimeControl "180+1"]
[Date "2022.04.06"]
[WhiteClock "0:01:59"]
[BlackClock "0:00:28"]

1. d4 d6 2. e4 Nf6 3. Nc3 g6 4. Be2 Bg7 5. g4 c5 6. d5 h5 7. g5 Ng8 8. h4 Na6 9. Be3 Nc7 10. a4 e6 11. Nf3 Ne7 12. dxe6 Bxe6 13. Qd2 O-O 14. O-O-O b6 15. Qxd6 Qxd6 16. Rxd6 Bxc3 17. bxc3 Bg4 18. Rhd1 Ne6 19. Ng1 Bxe2 20. Nxe2 Rad8 21. f4 Rxd6 22. Rxd6 Rc8 23. Rd7 a5 24. Rxe7 1-0


[Site "https://www.chess.com"]

[Event "Titled Tuesday Blitz April 05 Late 2022"]
[White "Karttunen, Mika"]
[Black "Kujawski, Adam"]
[WhiteFideId "502081"]
[BlackFideId "1100920"]
[WhiteElo "2343"]
[BlackElo "2053"]
[Result "1-0"]
[Round "01"]
[TimeControl "180+1"]
[Date "2022.04.06"]
[WhiteClock "0:00:33"]
[BlackClock "0:00:01"]

1. e4 e5 2. Nf3 Nc6 3. Bb5 a6 4. Ba4 Nf6 5. O-O Be7 6. Re1 b5 7. Bb3 d6 8. c3 O-O 9. h3 Nb8 10. d4 Nbd7 11. Nbd2 Bb7 12. Bc2 Re8 13. Nf1 Bf8 14. Ng3 g6 15. a4 c5 16. d5 c4 17. Bg5 h6 18. Be3 Kh7 19. Nh2 Nc5 20. f4 exf4 21. Bxf4 Bg7 22. a5 Bc8 23. Nf3 Ra7 24. Nd4 Bb7 25. Kh1 Ba8 26. Nc6 Bxc6 27. dxc6 Rc7 28. Bxd6 Rxc6 29. e5 Nfd7 30. Qd5 Qc8 31. Qxf7 Nf8 32. Nh5 1-0


[Site "https://www.chess.com"]

[Event "Titled Tuesday Blitz April 05 Late 2022"]
[White "Kazakouski, Valery"]
[Black "Mickiewicz, Piotr"]
[WhiteFideId "13507443"]
[BlackFideId "1114891"]
[WhiteElo "2524"]
[BlackElo "2266"]
[Result "1-0"]
[Round "01"]
[TimeControl "180+1"]
[Date "2022.04.05"]
[WhiteClock "0:01:34"]
[BlackClock "0:00:02"]

1. d4 Nf6 2. c4 e6 3. Nf3 c5 4. d5 exd5 5. cxd5 d6 6. Nc3 a6 7. Bf4 g6 8. e4 Qe7 9. Nd2 Nh5 10. Be3 Bg7 11. Be2 O-O 12. Bxh5 gxh5 13. Qxh5 f5 14. Bg5 Qc7 15. O-O Nd7 16. exf5 Rxf5 17. Qe8+ Rf8 18. Qe6+ Kh8 19. Be7 Re8 20. Qxd6 Qa5 21. Rfe1 Nf8 22. Qxc5 b5 23. Bf6 Bf5 24. Bxg7+ Kxg7 25. Re7+ Kg8 26. Rae1 Rxe7 27. Rxe7 Rc8 28. Qd4 1-0


[Site "https://www.chess.com"]

[Event "Titled Tuesday Blitz April 05 Late 2022"]
[White "Keymer, Vincent"]
[Black "Migot, Tangi"]
[WhiteFideId "12940690"]
[BlackFideId "662445"]
[WhiteElo "2557"]
[BlackElo "2518"]
[Result "1-0"]
[Round "01"]
[TimeControl "180+1"]
[Date "2022.04.05"]
[WhiteClock "0:00:15"]
[BlackClock "0:00:17"]

1. Nf3 d5 2. e3 e6 3. c4 Nf6 4. Nc3 Bb4 5. a3 Bxc3 6. dxc3 O-O 7. Qc2 b6 8. cxd5 exd5 9. c4 dxc4 10. Bxc4 Ba6 11. O-O Bxc4 12. Qxc4 c5 13. b4 Nbd7 14. Bb2 cxb4 15. axb4 a5 16. Rfd1 Qc8 17. Qh4 axb4 18. Rxa8 Qxa8 19. Qxb4 Rc8 20. h3 h6 21. Bxf6 Nxf6 22. Qxb6 Qa2 23. Rd8+ Rxd8 24. Qxd8+ Kh7 25. Qd3+ Kg8 26. Nd4 Qa1+ 27. Kh2 Qa2 28. Qf5 Qd5 29. Qf4 Qe4 30. Qf5 Qxf5 31. Nxf5 h5 32. g3 g6 33. Nd4 Kg7 34. Kg2 Ne4 35. f3 Nc3 36. e4 Nd1 37. Kf1 Ne3+ 38. Kf2 Nc4 39. Ke2 Ne5 40. f4 Nc4 41. Kd3 Nd6 42. e5 Ne8 43. Ke4 Nc7 44. Nc6 Ne6 45. Nb4 Nc5+ 46. Kd4 Ne6+ 47. Ke4 Nc5+ 48. Ke3 Ne6 49. Nd5 Nc5 50. Nc3 f6 51. exf6+ Kf7 52. Ne4 Ne6 53. Ng5+ Kxf6 54. Nxe6 Kxe6 55. Ke4 Kf6 56. Ke3 Kf5 57. Kf3 g5 58. g4+ hxg4+ 59. hxg4+ Kf6 60. f5 1-0


[Site "https://www.chess.com"]

[Event "Titled Tuesday Blitz April 05 Late 2022"]
[White "Khripachenko, Alexander"]
[Black "Onslow, Alfie"]
[WhiteFideId "54184975"]
[BlackFideId "436976"]
[WhiteElo "2193"]
[BlackElo "1884"]
[Result "1-0"]
[Round "01"]
[TimeControl "180+1"]
[Date "2022.04.06"]
[WhiteClock "0:02:37"]
[BlackClock "0:00:17"]

1. e4 c5 2. Nf3 Nc6 3. d4 cxd4 4. Nxd4 e5 5. Nb5 d6 6. a4 Nf6 7. Bg5 a6 8. N5c3 Be7 9. Bxf6 Bxf6 10. Na3 Be6 11. Bc4 O-O 12. Nd5 Bg5 13. c3 Rc8 14. O-O Ne7 15. Qb3 Bxd5 16. Bxd5 b6 17. Rfd1 Qc7 18. Rd3 Rfd8 19. Bxf7+ Kh8 20. Be6 Rb8 21. Rad1 Ng6 22. g3 Qe7 23. Bf5 Nf8 24. Nc4 g6 25. Bh3 b5 26. axb5 axb5 27. Nxd6 Rb6 28. Nf7+ 1-0


[Site "https://www.chess.com"]

[Event "Titled Tuesday Blitz April 05 Late 2022"]
[White "Kobalia, Mikhail"]
[Black "Davtyan, David Arm."]
[WhiteFideId "4119150"]
[BlackFideId "13310046"]
[WhiteElo "2667"]
[BlackElo "2158"]
[Result "1-0"]
[Round "01"]
[TimeControl "180+1"]
[Date "2022.04.06"]
[WhiteClock "0:00:47"]
[BlackClock "0:00:52"]

1. e4 c5 2. Nf3 Nc6 3. Bb5 g6 4. Bxc6 dxc6 5. d3 Bg7 6. Nbd2 Nf6 7. a4 a5 8. Nc4 Nd7 9. Bd2 b6 10. Bc3 Bxc3+ 11. bxc3 b5 12. Ne3 Nb6 13. axb5 cxb5 14. d4 c4 15. Ne5 Bb7 16. Qb1 b4 17. O-O Bxe4 18. cxb4 Qxd4 19. bxa5 Qxe5 20. axb6 O-O 21. Rxa8 Rxa8 22. Qb4 c3 23. h3 Bb7 24. Re1 h5 25. Rd1 Kh7 26. h4 Qe6 27. Qd4 Qc6 28. Qd7 Qxb6 29. Qxe7 Kg8 30. Rd7 1-0


[Site "https://www.chess.com"]

[Event "Titled Tuesday Blitz April 05 Late 2022"]
[White "Kohler, Aran"]
[Black "Guz, Ari"]
[WhiteFideId "1002856"]
[BlackFideId "2825759"]
[WhiteElo "2299"]
[BlackElo "1913"]
[Result "1/2-1/2"]
[Round "01"]
[TimeControl "180+1"]
[Date "2022.04.06"]
[WhiteClock "0:00:21"]
[BlackClock "0:00:16"]

1. e4 e6 2. d4 d5 3. Nc3 dxe4 4. Nxe4 Nd7 5. Nf3 Ngf6 6. Nxf6+ Nxf6 7. c3 Be7 8. Bd3 O-O 9. Bg5 b6 10. h4 Bb7 11. Bxf6 Bxf6 12. Bxh7+ Kxh7 13. Ng5+ Kh6 14. Qd2 Bxg5 15. hxg5+ Kg6 16. Qd3+ f5 17. gxf6+ Kxf6 18. O-O-O Qd5 19. f3 Qg5+ 20. Rd2 Ke7 21. Re1 Kd7 22. Re5 Rf5 23. g4 Rxe5 24. dxe5+ Ke8 25. Qd7+ Kf8 26. Qxc7 Bd5 27. c4 Bxf3 28. Qd6+ Kg8 29. Qxe6+ Kh7 30. Qf5+ Qxf5 31. gxf5 Re8 32. e6 Bg4 33. Rh2+ Kg8 34. Rf2 Rf8 35. e7 Re8 36. f6 gxf6 37. Rxf6 Bd7 38. Rf8+ Rxf8 39. exf8=Q+ Kxf8 40. b4 Ke7 41. Kc2 Be6 42. Kc3 Kd7 43. a4 Kc6 44. c5 b5 45. axb5+ Kxb5 46. c6 Bc8 47. Kb2 Kxc6 48. b5+ Kxb5 49. Ka3 1/2-1/2


[Site "https://www.chess.com"]

[Event "Titled Tuesday Blitz April 05 Late 2022"]
[White "Korchmar, Vasiliy"]
[Black "Rabineau, Clement"]
[WhiteFideId "24131750"]
[BlackFideId "628891"]
[WhiteElo "2370"]
[BlackElo "2237"]
[Result "1-0"]
[Round "01"]
[TimeControl "180+1"]
[Date "2022.04.06"]
[WhiteClock "0:01:45"]
[BlackClock "0:00:43"]

1. d4 d6 2. e4 g6 3. Nc3 Bg7 4. g3 a6 5. Bg2 b5 6. a3 Bb7 7. Nge2 Nd7 8. O-O c5 9. Be3 Rc8 10. h3 cxd4 11. Nxd4 Ba8 12. a4 b4 13. Nd5 Ngf6 14. Nxb4 Bxe4 15. Bxe4 Nxe4 16. Ndc6 Qc7 17. Nxe7 Rb8 18. Nxa6 1-0


[Site "https://www.chess.com"]

[Event "Titled Tuesday Blitz April 05 Late 2022"]
[White "Kosakowski, Jakub"]
[Black "Ansh M Shah"]
[WhiteFideId "1185080"]
[BlackFideId "25033379"]
[WhiteElo "2454"]
[BlackElo "1819"]
[Result "1-0"]
[Round "01"]
[TimeControl "180+1"]
[Date "2022.04.06"]
[WhiteClock "0:02:55"]
[BlackClock "0:02:11"]

1. Nf3 Nf6 2. b3 g6 3. Bb2 Bg7 4. e3 O-O 5. d4 d5 6. Bd3 c5 7. dxc5 Nbd7 8. O-O Nxc5 9. Be2 Bg4 10. Nbd2 Rc8 11. h3 Bf5 12. Nd4 Bd7 13. c4 dxc4 14. Nxc4 Nfe4 15. Rc1 a6 16. b4 Na4 17. Bf3 Nf6 18. Ba1 b5 19. Na5 e5 20. Ndc6 Qe8 21. Nxe5 Rxc1 22. Qxc1 Be6 23. Rd1 Bxa2 24. Rd6 Qc8 25. Nac6 Kh8 26. Qd2 Be6 27. Nd4 Bc4 28. Rc6 Qe8 29. Nxc4 bxc4 30. Rxc4 Ne4 31. Qc2 Nd6 32. Rc6 Nb5 33. Qxa4 Bxd4 34. Bxd4+ Nxd4 35. exd4 Qe1+ 36. Kh2 Qxf2 37. d5 h5 38. Qc2 Qh4 39. Qc3+ Kh7 40. Qf6 Qxf6 41. Rxf6 Kg7 42. Rxa6 Rd8 43. d6 h4 44. Bd5 f6 45. Ra7+ Kh6 46. d7 g5 47. Bc6 f5 48. Ra8 Rxa8 49. Bxa8 g4 50. hxg4 f4 51. d8=Q f3 52. Qxh4+ Kg7 53. gxf3 Kf8 54. Qh7 Ke8 55. Bd5 Kd8 56. Qf7 Kc8 57. g5 Kd8 58. Kg3 Kc8 59. Kf2 Kd8 60. Ke1 Kc8 61. Kd1 Kd8 62. Kc1 Kc8 63. Kb1 Kd8 64. Ka1 Kc8 65. f4 Kd8 66. Ka2 Kc8 67. Kb2 Kd8 68. Kc2 Kc8 69. Kd2 Kd8 70. Ke2 Kc8 71. Kf2 Kd8 72. Kg2 Kc8 73. Kh2 Kd8 74. Kh1 Kc8 75. Kg1 Kd8 76. Kf1 Kc8 77. f5 Kd8 78. Ke1 Kc8 79. Kd1 Kd8 80. Kc1 Kc8 81. Kb1 Kd8 82. Ka1 Kc8 83. Ka2 Kd8 84. Kb2 Kc8 85. Kc2 Kd8 86. Kd2 Kc8 87. Ke2 Kd8 88. Kf2 Kc8 89. Kg2 Kd8 90. Kh2 Kc8 91. f6 Kd8 92. Kh1 Kc8 93. Kg1 Kd8 94. Kf1 Kc8 95. Ke1 Kd8 96. Kd1 Kc8 97. Kc1 Kd8 98. Kb1 Kc8 99. Ka1 Kd8 100. Ka2 Kc8 101. Kb2 Kd8 102. Kc2 Kc8 103. Kd2 Kd8 104. Ke2 Kc8 105. Kf2 Kd8 106. Kg2 Kc8 107. Kh2 Kd8 108. g6 Kc8 109. Kh1 Kd8 110. Kg1 Kc8 111. Kf1 Kd8 112. Ke1 Kc8 113. Kd1 Kd8 114. Kc1 Kc8 115. Kb1 Kd8 116. Ka1 Kc8 117. Ka2 Kd8 118. Kb2 Kc8 119. Kc2 Kd8 120. Kd2 Kc8 121. Ke2 Kd8 122. Kf2 Kc8 123. Kg2 Kd8 124. Kh2 Kc8 125. g7 Kd8 126. Kh1 Kc8 127. Kg1 Kd8 128. Kf1 Kc8 129. Ke1 Kd8 130. Kd1 Kc8 131. Kc1 Kd8 132. Kb1 Kc8 133. Ka1 Kd8 134. Ka2 Kc8 135. Kb2 Kd8 136. Kc2 Kc8 137. Kd2 Kd8 138. Ke2 Kc8 139. Kf2 Kd8 140. Kg2 Kc8 141. Kh2 Kd8 142. b5 Kc8 143. Kh1 Kd8 144. Kg1 Kc8 145. Kf1 Kd8 146. Ke1 Kc8 147. Kd1 Kd8 148. Kc1 Kc8 149. Kb1 Kd8 150. Ka1 Kc8 151. Ka2 Kd8 152. Kb2 Kc8 153. Kc2 Kd8 154. Kd2 Kc8 155. Ke2 Kd8 156. Kf2 Kc8 157. Kg2 Kd8 158. Kh2 Kc8 159. Kh1 Kd8 160. b6 Kc8 161. Kg1 Kd8 162. Kf1 Kc8 163. Ke1 Kd8 164. Kd1 Kc8 165. Kc1 Kd8 166. Kb1 Kc8 167. Ka1 Kb8 168. Ka2 Kc8 169. Kb2 Kb8 170. Kc2 Kc8 171. Kd2 Kb8 172. Ke2 Kc8 173. Kf2 Kb8 174. Kg2 Kc8 175. Kh2 Kb8 176. Kh1 Kc8 177. Qe7 Kb8 178. Kg1 Kc8 179. Kf1 Kb8 180. Ke1 Kc8 181. Kd1 Kb8 182. Kc1 Kc8 183. Kb1 Kb8 184. Ka1 Kc8 185. Ka2 Kb8 186. Kb2 Kc8 187. Kc2 Kb8 188. Kd2 Kc8 189. Ke2 Kb8 190. Kf2 Kc8 191. Kg2 Kb8 192. Kh2 Kc8 193. Kh1 Kb8 194. f7 Kc8 195. Kh2 Kb8 196. Kh3 Kc8 197. Kh4 Kb8 198. Kh5 Kc8 199. Kh6 Kb8 200. Kh7 Kc8 201. Kh8 Kb8 202. Kg8 Kc8 203. Kf8 Kb8 204. Ke8 Kc8 205. g8=Q Kb8 206. f8=Q Kc8 207. Kf7# 1-0


[Site "https://www.chess.com"]

[Event "Titled Tuesday Blitz April 05 Late 2022"]
[White "Kozak, Antoni"]
[Black "Sarkar, Justin"]
[WhiteFideId "21832030"]
[BlackFideId "2010011"]
[WhiteElo "2236"]
[BlackElo "2038"]
[Result "0-1"]
[Round "01"]
[TimeControl "180+1"]
[Date "2022.04.06"]
[WhiteClock "0:00:23"]
[BlackClock "0:00:06"]

1. d4 Nf6 2. Nf3 d5 3. c3 c5 4. dxc5 e6 5. Be3 a5 6. g3 Na6 7. Bg2 Nxc5 8. O-O Be7 9. Nbd2 O-O 10. c4 b6 11. cxd5 Nxd5 12. Bd4 Bb7 13. Nc4 f6 14. b3 e5 15. Bb2 b5 16. Na3 b4 17. Nc4 e4 18. Nd4 f5 19. Rc1 a4 20. Qc2 axb3 21. axb3 Ra2 22. Qb1 Qa8 23. Rfd1 Bf6 24. Nd6 Rxb2 25. Qxb2 Nc3 26. Rxc3 bxc3 27. Qxc3 Ne6 28. Qc4 Bd5 29. Qb4 Nxd4 30. Rxd4 Qa1+ 31. Bf1 Qxd4 32. Qa5 e3 33. f3 Bxf3 34. Nxf5 Qe5 35. Qxe5 Bxe5 36. Ne7+ Kf7 37. exf3 Kxe7 38. Bc4 Bd4 39. Kf1 Ra8 40. Ke2 Ra2+ 41. Kd3 Rd2+ 42. Ke4 e2 43. Bxe2 Rxe2+ 44. Kxd4 Rxh2 45. b4 h5 46. g4 hxg4 47. fxg4 Rh4 48. Kc5 Rxg4 49. b5 Kd7 50. b6 Rg5+ 51. Kd4 Kc6 52. b7 Kxb7 53. Ke4 Kc6 54. Kf4 Rd5 55. Kg4 g5 0-1


[Site "https://www.chess.com"]

[Event "Titled Tuesday Blitz April 05 Late 2022"]
[White "Koziorowicz, Michal"]
[Black "Wesolowska, Hanna"]
[WhiteFideId "21809194"]
[BlackFideId "1104683"]
[WhiteElo "2235"]
[BlackElo "2340"]
[Result "1-0"]
[Round "01"]
[TimeControl "180+1"]
[Date "2022.04.06"]
[WhiteClock "0:00:48"]
[BlackClock "0:00:12"]

1. e4 c5 2. Nf3 d6 3. Bb5+ Bd7 4. Bxd7+ Qxd7 5. O-O Nf6 6. Re1 Nc6 7. c3 g6 8. d4 cxd4 9. cxd4 Bg7 10. Nc3 O-O 11. Bg5 Rac8 12. h3 h6 13. Bh4 g5 14. Bg3 Nh5 15. d5 Nb4 16. a3 Nxg3 17. axb4 Nh5 18. Rxa7 Nf4 19. Nd4 Rc4 20. Nf5 Rxb4 21. Na2 Rxb2 22. Nxg7 Rxa2 23. Rxa2 Kxg7 24. Qd4+ Kh7 25. Rb1 Ra8 26. Rab2 Ra4 27. Qe3 b5 28. Rxb5 Ra1 29. Rxa1 Qxb5 30. g3 Nxh3+ 31. Kg2 g4 32. Ra7 Qb2 33. Rc7 Qf6 34. Rc2 Ng5 35. Qf4 Qd4 36. Qxg4 Qxe4+ 37. Qxe4+ Nxe4 38. Re2 Nf6 39. Rxe7 Nxd5 40. Rxf7+ Kg6 41. Rd7 Nc3 42. Rxd6+ Kg5 43. Kf3 h5 44. Rc6 Nb5 45. Rc5+ 1-0


[Site "https://www.chess.com"]

[Event "Titled Tuesday Blitz April 05 Late 2022"]
[White "Krishnan, Varun"]
[Black "Stoenescu, Radu"]
[WhiteFideId "5054508"]
[BlackFideId "610143"]
[WhiteElo "2554"]
[BlackElo "1886"]
[Result "0-1"]
[Round "01"]
[TimeControl "180+1"]
[Date "2022.04.06"]
[WhiteClock "0:00:04"]
[BlackClock "0:00:08"]

1. e4 c5 2. Nf3 d6 3. d4 Nf6 4. Nc3 cxd4 5. Nxd4 a6 6. a4 e5 7. Nf3 h6 8. Bc4 Be7 9. O-O Qc7 10. Qe2 Bg4 11. Ba2 Nbd7 12. h3 Be6 13. Rd1 Nb6 14. Be3 Nc4 15. Bxc4 Bxc4 16. Qd2 O-O 17. Nd5 Nxd5 18. exd5 a5 19. b3 Ba6 20. c4 b6 21. Ne1 f5 22. f4 e4 23. Nc2 Bf6 24. Nd4 Bc8 25. Rac1 Bd7 26. Ne6 Bxe6 27. dxe6 Rfd8 28. Qd5 Qe7 29. Qxf5 Re8 30. Qxe4 Qxe6 31. Qxe6+ Rxe6 32. Bxb6 Rb8 33. Bxa5 Rxb3 34. Bc7 Re2 35. Re1 Ra2 36. Rb1 Rd3 37. Rbd1 Rb3 38. Bxd6 Rbb2 39. f5 Rxg2+ 40. Kh1 Kh7 41. c5 Rgf2 42. c6 Ra3 43. c7 Rxh3+ 44. Kg1 Rc2 45. Rc1 Bd4+ 46. Kf1 Rf3# 0-1


[Site "https://www.chess.com"]

[Event "Titled Tuesday Blitz April 05 Late 2022"]
[White "Ladan, Nicholas"]
[Black "Kosteniuk, Alexandra"]
[WhiteFideId "30918855"]
[BlackFideId "4128125"]
[WhiteElo "2167"]
[BlackElo "2469"]
[Result "1-0"]
[Round "01"]
[TimeControl "180+1"]
[Date "2022.04.06"]
[WhiteClock "0:00:10"]
[BlackClock "0:00:29"]

1. d4 Nf6 2. Nf3 d5 3. g3 c5 4. Bg2 cxd4 5. Nxd4 e5 6. Nb3 Nc6 7. O-O Be7 8. Nc3 Be6 9. Bg5 d4 10. Bxf6 Bxf6 11. Ne4 O-O 12. Nbc5 Be7 13. Nxe6 fxe6 14. Qd3 Nb4 15. Qb3 Qb6 16. Bh3 Kh8 17. Qxe6 Nxc2 18. Rac1 Qxe6 19. Bxe6 d3 20. exd3 Nd4 21. Rc7 Bd8 22. Rc8 Rxc8 23. Bxc8 b5 24. Bb7 Bb6 25. Kg2 Nc2 26. Rc1 Nb4 27. Rc8 Rxc8 28. Bxc8 Nxd3 29. Ba6 Nxb2 30. Bxb5 g6 31. Kf3 Kg7 32. Ke2 Bd4 33. Kd2 Kf7 34. f3 Ke7 35. Kc2 h6 36. Nd2 e4 37. fxe4 Kd6 38. Nc4+ Nxc4 39. Bxc4 Ke5 40. Kd3 Bg1 41. h3 g5 42. g4 Bb6 43. Bb5 Kf4 44. Bd7 Kg3 45. e5 Kxh3 46. Kc4 Kh4 47. Kd5 h5 48. gxh5 Kxh5 49. e6 Bd8 50. Kd6 g4 51. e7 Bxe7+ 52. Kxe7 g3 53. Bc6 Kg5 54. a4 Kf5 55. Kd6 1-0


[Site "https://www.chess.com"]

[Event "Titled Tuesday Blitz April 05 Late 2022"]
[White "Levin, Anthony"]
[Black "Ozates, Tuna"]
[WhiteFideId "30940680"]
[BlackFideId "6354521"]
[WhiteElo "2020"]
[BlackElo "1887"]
[Result "0-1"]
[Round "01"]
[TimeControl "180+1"]
[Date "2022.04.06"]
[WhiteClock "0:00:05"]
[BlackClock "0:01:20"]

1. d4 Nf6 2. c4 e6 3. Nf3 b6 4. g3 Ba6 5. Qc2 Bb4+ 6. Bd2 Be7 7. Bg2 O-O 8. O-O d5 9. b3 c6 10. Rd1 Nbd7 11. Bf4 Rc8 12. Nc3 dxc4 13. Nd2 cxb3 14. axb3 Nd5 15. Rxa6 Nb4 16. Qb2 Nxa6 17. Ra1 Nb4 18. Rxa7 Nd5 19. e4 Nxc3 20. Qxc3 c5 21. d5 exd5 22. exd5 Bf6 23. Qc2 b5 24. Ne4 Bd4 25. Nd6 Ra8 26. Nxb5 Rxa7 27. Nxa7 Ne5 28. Nb5 Ng6 29. Bc1 Qa5 30. Nxd4 cxd4 31. Qd1 Re8 32. Bf1 Re1 33. Qc2 Qc3 34. Qa2 Rxc1 35. Qb2 Qxb2 0-1


[Site "https://www.chess.com"]

[Event "Titled Tuesday Blitz April 05 Late 2022"]
[White "Lewtak, Damian"]
[Black "Bernat, David"]
[WhiteFideId "1141724"]
[BlackFideId "2099225"]
[WhiteElo "2362"]
[BlackElo "2296"]
[Result "1-0"]
[Round "01"]
[TimeControl "180+1"]
[Date "2022.04.06"]
[WhiteClock "0:01:14"]
[BlackClock "0:00:01"]

1. d4 Nf6 2. c4 e6 3. Nf3 a6 4. g3 b5 5. Bg2 bxc4 6. Qa4 Bb7 7. Qxc4 d5 8. Qc2 Nbd7 9. O-O Be7 10. Nc3 O-O 11. Na4 Rc8 12. Nc5 Nxc5 13. dxc5 Ne4 14. b4 Bf6 15. Bb2 Rb8 16. a3 Re8 17. Ne5 Bxe5 18. Bxe5 Nf6 19. c6 Ba8 20. Qa4 Rb6 21. Rfc1 Qc8 22. Bxf6 gxf6 23. e4 d4 24. Rc5 e5 25. Rac1 Re6 26. Bf1 Kf8 27. Bd3 Qe8 28. b5 Rd6 29. Qc2 f5 30. exf5 axb5 31. Bxb5 e4 32. Qc4 e3 33. Qe2 Bxc6 34. a4 Bxb5 35. axb5 exf2+ 36. Kxf2 Qxe2+ 37. Kxe2 Kg7 38. Kd3 Rb8 39. R1c4 Ra8 40. Rxd4 Rxd4+ 41. Kxd4 Ra2 42. Rxc7 Rxh2 43. Rc3 Rb2 44. Kc5 Kf6 45. g4 Kg5 46. Rc4 h5 47. gxh5 Kxf5 48. b6 Re2 49. b7 Re8 50. Kb6 Kg5 51. Rc5+ Kh6 52. Rc8 1-0


[Site "https://www.chess.com"]

[Event "Titled Tuesday Blitz April 05 Late 2022"]
[White "Liang, Jason"]
[Black "Bowden, Karl"]
[WhiteFideId "30940303"]
[BlackFideId "400548"]
[WhiteElo "1976"]
[BlackElo "2356"]
[Result "1-0"]
[Round "01"]
[TimeControl "180+1"]
[Date "2022.04.06"]
[WhiteClock "0:00:47"]
[BlackClock "0:00:06"]

1. d3 e5 2. c4 Nc6 3. Nf3 g6 4. Nc3 Bg7 5. g3 Nge7 6. Bg2 O-O 7. O-O d6 8. Rb1 Rb8 9. b4 a6 10. Bd2 f5 11. b5 axb5 12. cxb5 Nd4 13. e3 Nxf3+ 14. Bxf3 Be6 15. Qc2 f4 16. exf4 exf4 17. Rbe1 Bh3 18. Bg2 Bxg2 19. Kxg2 f3+ 20. Kg1 Nf5 21. Qb3+ Kh8 22. Qd5 Nd4 23. Be3 Qd7 24. Bxd4 Qh3 25. Bxg7+ Kxg7 26. Qd4+ Kg8 27. Qc4+ Kg7 28. Re7+ 1-0


[Site "https://www.chess.com"]

[Event "Titled Tuesday Blitz April 05 Late 2022"]
[White "Manelyuk, Daniil"]
[Black "Mekhitarian, Krikor Sevag"]
[WhiteFideId "44173920"]
[BlackFideId "2107660"]
[WhiteElo "2209"]
[BlackElo "2598"]
[Result "0-1"]
[Round "01"]
[TimeControl "180+1"]
[Date "2022.04.06"]
[WhiteClock "0:00:04"]
[BlackClock "0:00:04"]

1. e4 c5 2. Nf3 g6 3. d4 cxd4 4. Nxd4 Nc6 5. c4 Nf6 6. Nc3 d6 7. Be3 Ng4 8. Nxc6 Nxe3 9. Nxd8 Nxd1 10. Rxd1 Kxd8 11. e5 Be6 12. f4 Bg7 13. Kf2 Rc8 14. Nd5 Rc5 15. b4 Rc6 16. exd6 Rxd6 17. Be2 Bxd5 18. cxd5 Kc7 19. Bc4 Bf6 20. Bb3 Kb6 21. g4 h6 22. h4 g5 23. fxg5 hxg5 24. h5 Bc3 25. a3 Bb2 26. a4 Bc3 27. b5 a5 28. Rd3 Bf6 29. Rc1 Be5 30. Kg2 Rhd8 31. Rf1 f6 32. Rh3 Rc8 33. h6 Rh8 34. h7 Kc5 35. Rh6 Kb4 36. Bc2 Rxd5 37. Be4 Rd2+ 38. Rf2 Rxf2+ 39. Kxf2 Kxa4 40. Bxb7 Kxb5 41. Bd5 a4 42. Bg8 a3 43. Rh1 Bb2 44. Ke3 Kc5 45. Ke4 f5+ 46. Kxf5 Bf6 47. Rc1+ Kb4 48. Rc4+ Kb5 49. Rc8 Kb6 50. Ra8 Bb2 51. Kxg5 Kc7 52. Kh6 Kd6 53. g5 e6 54. g6 Bc1+ 55. Kh5 Bb2 56. Ra7 Kc6 57. g7 Bxg7 58. Rxg7 a2 59. Rg3 a1=Q 60. Kh6 Qe5 61. Rg5 Qf6+ 62. Rg6 Qd4 63. Rxe6+ Kc7 64. Re7+ Kd6 65. Re6+ Kd7 66. Kg6 Qg4+ 67. Kf6 Rxg8 68. Re7+ Kd6 69. hxg8=Q Qxg8 70. Rf7 Qd8+ 71. Kg7 Ke6 72. Rf1 Qg5+ 73. Kf8 Qh6+ 74. Kg8 Qg6+ 75. Kh8 Qe8+ 76. Kg7 Qd7+ 77. Kg6 Qd3+ 78. Kg7 Qxf1 79. Kh8 Qg2 80. Kh7 Kf7 81. Kh6 Qg6# 0-1


[Site "https://www.chess.com"]

[Event "Titled Tuesday Blitz April 05 Late 2022"]
[White "Mangialardo, Tiago Carvalho"]
[Black "Vusatiuk, Vladimir"]
[WhiteFideId "2130718"]
[BlackFideId "14118610"]
[WhiteElo "2058"]
[BlackElo "2157"]
[Result "0-1"]
[Round "01"]
[TimeControl "180+1"]
[Date "2022.04.06"]
[WhiteClock "0:00:01"]
[BlackClock "0:00:09"]

1. e4 c5 2. Nf3 Nc6 3. d4 cxd4 4. Nxd4 Nf6 5. Nc3 e5 6. Nf3 Bb4 7. Bd3 d5 8. exd5 Nxd5 9. Bd2 Nxc3 10. bxc3 Be7 11. O-O O-O 12. Re1 Bf6 13. Qe2 Re8 14. Be4 Bg4 15. Qb5 Bxf3 16. Bxf3 Qxd2 17. Qxb7 Ne7 18. Rad1 Qxc3 19. Re2 Rab8 20. Qxa7 Nf5 21. Bd5 Nd6 22. Bb3 e4 23. Red2 Nc4 24. Rd7 Ne5 25. Rc7 Qb4 26. h3 e3 27. Bxf7+ Nxf7 28. Rxf7 exf2+ 29. Kxf2 Qf4+ 30. Kg1 Bd4+ 31. Kh1 Qxf7 32. Qxd4 Qf6 33. Qd5+ Kh8 34. Qd7 Rbd8 35. Qxd8 Rxd8 0-1


[Site "https://www.chess.com"]

[Event "Titled Tuesday Blitz April 05 Late 2022"]
[White "Martin Barcelo, Carles"]
[Black "Hess, Robert"]
[WhiteFideId "24561444"]
[BlackFideId "2022036"]
[WhiteElo "1875"]
[BlackElo "2557"]
[Result "0-1"]
[Round "01"]
[TimeControl "180+1"]
[Date "2022.04.06"]
[WhiteClock "0:01:33"]
[BlackClock "0:02:18"]

1. e4 g6 2. d4 Bg7 3. Nf3 a6 4. a4 d6 5. c3 Nd7 6. Bd3 e6 7. O-O Ne7 8. b4 h6 9. Be3 b6 10. Nbd2 Bb7 11. Re1 g5 12. Qe2 Ng6 13. Rad1 g4 14. d5 gxf3 15. Qxf3 Nde5 16. Qe2 Nxd3 17. Qxd3 Qf6 18. dxe6 fxe6 19. Bd4 e5 20. Be3 O-O 21. Nf3 Qe6 22. h3 Rxf3 23. gxf3 Nh4 0-1


[Site "https://www.chess.com"]